[Event "The American Cup | Group A 2023"]
[Site "Chess.com"]
[Date "2023.03.19"]
[Round "1"]
[White "Aronian, Levon"]
[Black "Sevian, Samuel"]
[Result "1-0"]
[WhiteElo "2745"]
[BlackElo "2687"]
[ECO "C77"]
[EventDate "2023.??.??"]
[Annotator "rafael"]
[PlyCount "89"]
[Beauty "7355399945818"]
[EventType "schev"]
[EventRounds "3"]
[TimeControl "5400+30"]

1.e4 e5 2.Nf3 Nc6 3.Bb5 a6 4.Ba4 Nf6 5.d3 Bc5 6.c3 b5 7.Bb3 ( 7.Bc2 {Returning the bishop to this square is also possible. In this case, Black usually takes the opportunity to play in the center.} 7...d5 $1 ) 7...d6 8.Bg5 {This is a treacherous move. White invites the opponent to play the classic plan with h6-g5, leading to a sharp position.} 8...h6 9.Bh4 Bd7 {A rare choice. Two of the best chess players in the world decided to move the dark-squared bishop in this position, but they played it on different squares.} ( 9...Bb6 {This was Carlsen's choice, but he was worse after} 10.a4 Rb8 11.axb5 axb5 12.Na3 g5 13.Bg3 Na5 14.Bc2 b4 $6 15.cxb4 Nc6 16.Ba4 {Praggnanandhaa-Carlsen, Chessable Masters 2022.} ) ( 9...Ba7 {This was played in the Candidates Tournament.} 10.O-O Na5 11.Bc2 c5 12.Nbd2 g5 13.Bg3 Nh5 {with a complicated position that resulted in an important win for Black in Rapport-Ding, Candidates Tournament Madrid 2022.} ) 10.Nbd2 Qe7 11.O-O ( 11.Nf1 {was the choice of a big expert in the Spanish Opening. After} 11...g5 12.Bg3 Nh5 13.Ne3 Bxe3 14.fxe3 Nxg3 15.hxg3 Na5 16.Bc2 c5 17.Qd2 {The position was even in Adams-Anton Guijarro, Heraklion 2017.} ) 11...g5 12.Bg3 Bb6 {A new move, although the bishop retreat is necessary sooner or later.} ( 12...O-O 13.Re1 Bb6 14.d4 {was played in Sirosh-Sinitsina, Viljandi Raud Memorial 2022.} ) 13.a4 {A typical move in the Spanish, opening the a-file.} 13...Rb8 14.axb5 axb5 15.Re1 {These positions are difficult to play for both sides. Here, for example, Black has a dilemma: should he advance the kingside or castle $2 Apparently we have yet another case of the \"when in doubt, just castle\" principle.} 15...h5 $6 ( 15...Nh5 $2 {[%c_effect h5;square;h5;type;Mistake;persistent;true] This is a blunder:} 16.Nxe5 $1 ) ( 15...O-O $1 16.d4 {with a double-edged position.} ( 16.Nf1 {is also possible.} ) ) 16.h4 g4 17.Nh2 $1 {[%c_effect h2;square;h2;type;GreatFind;persistent;true] The right square. Sometimes you have to go back before going forward.} ( 17.Ng5 $6 {[%c_effect g5;square;g5;type;Inaccuracy;persistent;true] The knight is not very safe on this square. There is always the possibility of Black moving the knight from f6 and placing a pawn on that square, fatally attacking the adventurous white knight. However, patience is necessary: attempting to hastily apply the plan of attack to the knight can have serious consequences. Let's see:} 17...Nd8 $6 ( 17...O-O $1 {[%c_effect g8;square;g8;type;GreatFind;persistent;true] is the best, with a good position for Black.} ) 18.d4 Ng8 19.Nf1 $1 f6 20.Ne3 $1 fxg5 21.Nf5 {White gets monstrous compensation for the lost piece.} 21...Qf6 22.dxe5 dxe5 23.hxg5 Qxg5 24.Bh4 Qg6 25.Qd5 ) 17...Nh7 $6 ( 17...Be6 {is better, with only a small advantage for White after} 18.Nhf1 O-O 19.Ne3 Qd7 ) 18.Nhf1 Nf8 19.Ne3 Bxe3 20.fxe3 $1 {[%c_effect e3;square;e3;type;GreatFind;persistent;true] Reinforcing the center and opening the f-column.} 20...Ng6 21.Rf1 Be6 ( 21...O-O $2 22.Rf5 $1 {[%c_effect f5;square;f5;type;GreatFind;persistent;true] This is a beautiful and didactic exchange sacrifice.} 22...Bxf5 23.exf5 Nh8 ( 23...Nxh4 24.Qf1 {Black's knight is trapped.} ) 24.Ne4 {With a winning position for White. The knight on h8 is depressing.} ) 22.Bd5 ( 22.Bxe6 {This move leads to a big advantage without much trouble.} 22...Qxe6 ( 22...fxe6 23.c4 $1 {[%c_effect c4;square;c4;type;GreatFind;persistent;true] Black's king has no safe place to hide.} ) 23.d4 ) 22...Nd8 23.Ra7 $5 {[%c_effect a7;square;a7;type;Interesting;persistent;true] Starting a very creative idea. Aronian is one of my favorite chess players; he has very deep strategic ideas.} ( 23.d4 c6 24.Bb3 $16 ) 23...Nxh4 $1 {[%c_effect h4;square;h4;type;GreatFind;persistent;true] Sevian rightly accepts the complications.} ( 23...O-O 24.Rf5 $1 {[%c_effect f5;square;f5;type;GreatFind;persistent;true] We already know this idea.} 24...Bxf5 25.exf5 Nxh4 ( 25...Nh8 26.Ne4 ) 26.Qf1 {with a winning position.} ) 24.Rxc7 $1 {[%c_effect c7;square;c7;type;GreatFind;persistent;true] A beautiful tribute to Tigran Petrosian, the king of the exchange sacrifice.} 24...Nf3+ ( 24...Qxc7 {Taking the rook immediately is also possible. White has good compensation, but the game remains complicated.} 25.Bxh4 Rh6 26.d4 ) 25.Nxf3 Qxc7 26.Nh4 {White doesn't have even a pawn for the exchange, but his pieces are well placed, and the black king is in danger. It is worth noting the weakness of the dark squares.} 26...Nc6 27.Nf5 $6 {[%c_effect f5;square;f5;type;Inaccuracy;persistent;true] There are better alternatives. Both 27.Rf6 and 27.d4 are very promising.} ( 27.Rf6 Bxd5 28.exd5 Ne7 29.e4 {with excellent compensation.} ) ( 27.d4 ) 27...Bxf5 ( 27...Bxd5 $2 {[%c_effect d5;square;d5;type;Mistake;persistent;true] This is the wrong piece to capture.} 28.exd5 Ne7 29.Ng7+ $1 Kd7 ( 29...Kf8 30.Ne6+ ) 30.Rxf7 {with a decisive attack.} ) 28.Rxf5 h4 $1 {[%c_effect h4;square;h4;type;GreatFind;persistent;true] Another accurate move.} ( 28...Rh7 29.Qf1 $1 h4 30.Bxh4 $1 {[%c_effect h4;square;h4;type;GreatFind;persistent;true] This leads to a pretty win.} 30...Rxh4 31.Rxf7 Ne7 32.Be6 $1 Rh8 33.Qf6 Rg8 34.Rh7 Rf8 35.Qg7 {Despite having an extra rook, Black cannot avoid the threat of 36.Rh8.} ) 29.Rxf7 $6 ( 29.Be1 $1 {[%c_effect e1;square;e1;type;GreatFind;persistent;true] is more precise. White still has a dangerous initiative after} 29...g3 30.Qg4 ) 29...Qxf7 30.Bxf7+ Kxf7 31.Be1 h3 $2 {[%c_effect h3;square;h3;type;Mistake;persistent;true] Sevian advances the wrong pawn, and now his position becomes not defendable.} ( 31...g3 $1 {[%c_effect g3;square;g3;type;GreatFind;persistent;true] Black is not worse after this move. White's king is also not very safe now, and a draw is the most likely result. A possible variation is:} 32.Qb3+ Ke7 33.d4 Ra8 $1 34.Qxb5 Ra1 {with adequate counterplay.} ) 32.Bg3 $1 {[%c_effect g3;square;g3;type;GreatFind;persistent;true] White's king is well protected now, and the bishop becomes active, especially after the move d3-d4. Black's king and pawns, on the other hand, are vulnerable.} ( 32.Qxg4 $2 Rbg8 ) 32...Ne7 33.d4 $1 hxg2 34.Kxg2 Rh5 35.Qb3+ Kf6 36.c4 {Black's position breaks into pieces.} 36...Ng6 37.Qb4 Ke6 38.c5 $1 exd4 39.Qb3+ Kf6 40.exd4 Re8 41.cxd6 Rxe4 42.Qc2 Nf4+ 43.Bxf4 Rxf4 44.d7 Rh8 45.Qc8 1-0

[Event "The American Cup | Group A 2023"]
[Site "Chess.com"]
[Date "2023.03.20"]
[Round "6"]
[White "Dominguez Perez, Leinier"]
[Black "Nakamura, Hikaru"]
[Result "0-1"]
[WhiteElo "2743"]
[BlackElo "2768"]
[ECO "B32"]
[EventDate "2023.??.??"]
[Annotator "rafael"]
[PlyCount "98"]
[Beauty "7010195873296"]
[EventType "schev"]
[EventRounds "3"]
[TimeControl "5400+30"]

1.e4 c5 2.Nf3 Nc6 3.d4 cxd4 4.Nxd4 e5 {A risky variation that shows that Nakamura was willing to play for the win with Black. This choice certainly surprised his opponent, who was probably expecting the Berlin.} 5.Nb5 d6 6.N1c3 ( 6.c4 {is a more positional choice.} ) 6...a6 7.Na3 Be6 ( 7...Be7 {In the only Nakamura game I found in this line, this is the move played.} 8.Nc4 b5 9.Ne3 {Neeloptal-Nakamura, Isle of Man 2017.} ) 8.Nc4 Rb8 {This mysterious move is a specialty of GM Maghsoodloo. I won't pretend to understand the idea. Let's say it's a kind of super protection to play b7-b5 at some point.} 9.Nd5 Bxd5 10.exd5 Nce7 11.g3 ( 11.g4 {During the interview, Nakamura commented that this is the computer's suggestion and that it's the best move. I agree with him that it's impossible for a human to play like this without knowing the move beforehand. In my case, I wouldn't play this even knowing it's the computer's recommendation $1 But a braver player tried it ... and lost. Garrido Outon-Lobanov, Vrnjacka Banja 2023.} ) 11...b5 12.Ne3 g6 13.a4 Nf6 ( 13...Bh6 $1 {[%c_effect h6;square;h6;type;GreatFind;persistent;true] is more accurate.} ) 14.axb5 ( 14.c4 $1 {[%c_effect c4;square;c4;type;GreatFind;persistent;true] It seems this is the best move for White to fight for an advantage. The bishop is still useful on f1, pointing to the queenside.} ) 14...axb5 15.Bg2 Bh6 16.O-O O-O 17.Qd3 Nd7 {With the knight going to c5 and the pawns on the kingside ready to roll, Black has a fine position.} 18.Bd2 Nc5 ( 18...f5 {The immediate advance is also possible.} ) 19.Qe2 Qc7 ( 19...b4 $1 {[%c_effect b4;square;b4;type;GreatFind;persistent;true] This move secures the c5-square for the knight.} ) 20.b4 {A natural move, but placing the bishop on this square is also interesting.} ( 20.Bb4 $5 {[%c_effect b4;square;b4;type;Interesting;persistent;true] White's idea is to play 21.Ra5 and attack the b5-pawn or double the rooks on the a-file.} ) 20...Nd7 21.Ra5 Bxe3 $1 {[%c_effect e3;square;e3;type;GreatFind;persistent;true] A very difficult move to make; after all, exchanging this dark-squared bishop is a pain in the chest. Now we have a nice fight between a pair of bishops and a pair of knights. The capture is necessary for the black knights to start jumping.} 22.Bxe3 Nf5 {This is the point.} 23.Ra7 ( 23.Rxb5 {Nakamura mentioned that he expected this move. I think he has more compensation than he believed after} 23...Nxe3 24.fxe3 Nb6 {If Black manages to play f5-e4, the bishop is shut out from the game and White's pawns are weak.} ) 23...Rb7 24.Rxb7 Qxb7 25.Bd2 Ra8 26.Qd3 Ra2 27.Rd1 Nf6 28.Bg5 Kg7 29.Bh3 {Both players demonstrate their high class. The position remains balanced.} 29...Nd4 $1 {[%c_effect d4;square;d4;type;GreatFind;persistent;true] Nakamura takes his knight on a strange journey.} ( 29...Ne7 {is worse, although the computer is not afraid to dance with the king after} 30.Bxf6+ Kxf6 31.f4 Qa7+ 32.Kh1 exf4 $1 33.Qc3+ Kg5 ) 30.c3 Nc2 $1 {[%c_effect c2;square;c2;type;GreatFind;persistent;true] The knight appears to be in danger, but it prepares to go to c4. Another route is also possible, as we will see shortly.} 31.Qf3 ( 31.Rd2 {White's best option is to repeat moves with this move, but the position is difficult to assess, and perhaps Dominguez Perez was playing to win.} 31...Ra1+ 32.Rd1 Ra2 ( 32...Rxd1+ {is also possible.} 33.Qxd1 Na3 34.Qc1 $1 Nc4 35.Bh6+ Kg8 36.Qg5 Qe7 {with an equal position.} ) 33.Rd2 ) 31...Ng8 $1 {[%c_effect g8;square;g8;type;GreatFind;persistent;true] Remember this move.} 32.Bf1 Ra3 $5 {[%c_effect a3;square;a3;type;Interesting;persistent;true] Instead of taking the knight to c4, Nakamura decides to create the tactical threat of capturing on b4. His pieces are clumsy on the queenside, but his calculation skill is so great that everything works.} ( 32...Na3 ) 33.Bc1 ( 33.Qd3 {leads to an equal position.} 33...Nxb4 34.Qb1 Na6 35.Qb2 Ra5 36.Bd8 $1 {[%c_effect d8;square;d8;type;GreatFind;persistent;true] This is the detail: the b5-pawn falls.} 36...Ra4 37.Qxb5 Qxb5 38.Bxb5 Ra2 {with a likely draw.} ) 33...Rb3 34.Qe4 $6 {[%c_effect e4;square;e4;type;Inaccuracy;persistent;true] White's problems will begin now.} ( 34.Qd3 {There's a nice drawing line here:} 34...Nxb4 35.Qd2 $1 Na6 36.Qc2 Nc5 37.Be3 b4 $1 38.cxb4 ( 38.Bxc5 $2 Rxc3 ) 38...Rxb4 ( 38...Qxb4 $2 39.Bxc5 dxc5 40.d6 ) 39.Bxc5 dxc5 40.Qxc5 Qb6 41.Qxb6 Rxb6 42.d6 Rb8 {The game should end in a draw.} ) 34...Rxc3 35.Bb2 Nf6 36.Qh4 $2 ( 36.Qe2 {is better.} ) 36...Rb3 $6 ( 36...Rf3 $1 {[%c_effect f3;square;f3;type;GreatFind;persistent;true] leads to a beautiful victory. Black has the tactical theme of sacrificing the rook on f2 or winning the white queen with Rf5-h5.} 37.Be2 ( 37.Rd2 Rf5 $5 38.Rxc2 Rh5 {The queen is trapped.} ) ( 37.Bg2 Rxf2 $1 38.Kxf2 Qa7+ 39.Ke2 Qa2 {with a winning attack.} ) 37...Rxf2 $1 38.Kxf2 Qa7+ 39.Kg2 Ne3+ 40.Kf3 Nxd1 41.Bxd1 Qg1 {There's no defense against the attack. That's why they say a queen and knight work so well $1} ) 37.Bc1 Ng8 $1 {[%c_effect g8;square;g8;type;GreatFind;persistent;true] Again the Ng8 move. Black's king is well protected.} 38.Qd8 Qe7 39.Qa5 ( 39.Bg5 Qxd8 40.Bxd8 Kf8 $1 41.Bxb5 Rxb4 {Black is a pawn up and has excellent winning chances.} ) 39...Nd4 40.Be3 Nf3+ 41.Kg2 Qf6 42.Be2 e4 43.Qxb5 Qb2 $2 ( 43...Rxe3 $3 {[%c_effect e3;square;e3;type;Brilliant;persistent;true] This wins nicely after} 44.fxe3 Nh6 $1 {[%c_effect h6;square;h6;type;GreatFind;persistent;true] They say a queen and knight are dangerous; now imagine if there are two knights on the attack $1 No wonder White has no way out. Giving back material brings no relief:} 45.Rf1 Ng4 46.Rxf3 exf3+ 47.Bxf3 Nxe3+ 48.Kf2 Qd4 {with a winning position.} ) 44.Qa6 $2 ( 44.Bf4 $1 {[%c_effect f4;square;f4;type;GreatFind;persistent;true] gives excellent saving chances.} 44...Rxb4 ( 44...Nd4 45.Rxd4 $1 Qxd4 46.Bxd6 {and anything can happen.} ) 45.Qa6 Rb6 46.Qc4 ) 44...Nf6 45.h3 h5 $1 {[%c_effect h5;square;h5;type;GreatFind;persistent;true] The pawn goes to h4, helping the attack.} 46.Kf1 Qe5 $1 47.Kg2 Rxe3 $1 {[%c_effect e3;square;e3;type;GreatFind;persistent;true] A nice finish.} 48.fxe3 h4 49.gxh4 ( 49.Bxf3 Qxg3+ 50.Kf1 exf3 {wins easily.} ) 49...Qh2+ ( 49...Qh2+ 50.Kf1 Qg1# ) 0-1

[Event "The American Cup | Group A 2023"]
[Site "Chess.com"]
[Date "2023.03.22"]
[Round "13"]
[White "So, Wesley"]
[Black "Nakamura, Hikaru"]
[Result "0-1"]
[WhiteElo "2761"]
[BlackElo "2768"]
[ECO "B30"]
[EventDate "2023.??.??"]
[Annotator "rafael"]
[PlyCount "64"]
[Beauty "8248216265737"]
[EventType "schev"]
[EventRounds "3"]
[TimeControl "5400+30"]

1.e4 c5 2.Nf3 Nc6 3.Bb5 e5 {This is only the ninth most popular choice for Black against the Rossolimo.} 4.O-O Bd6 5.c3 a6 6.Ba4 b5 7.Bb3 c4 8.Bc2 Nf6 9.d4 cxd3 10.Qxd3 Be7 ( 10...Bc7 {is also possible. A recent game followed:} 11.Rd1 O-O 12.Bg5 {Brkic-Dardha, Neum 2022.} ) 11.Rd1 d6 12.Bg5 Nh5 {The players are following their own theory. All of this had been tried in the first tiebreak game. It's worth mentioning that So has an opening course in which he recommends the Rossolimo. The move 12...Nh5 is not mentioned in the course; only 12...0-0 is analyzed.} 13.Be3 ( 13.Bxe7 $1 {[%c_effect e7;square;e7;type;GreatFind;persistent;true] was played in the first game of the rapid tiebreak. Despite having lost the game, So had some advantage in the opening.} 13...Kxe7 14.a4 Rb8 15.axb5 axb5 16.Na3 ( 16.g3 $1 {[%c_effect g3;square;g3;type;GreatFind;persistent;true] is the most accurate with advantage for White.} ) 16...Nf4 {So-Nakamura, American Cup 2023.} ) 13...O-O 14.Nbd2 ( 14.a4 {is also very logical, opening the game on the queenside.} ) 14...Rb8 15.b4 $5 {[%c_effect b4;square;b4;type;Interesting;persistent;true] The idea is to play a4 without Black being able to respond with b4.} 15...Kh8 $1 {[%c_effect h8;square;h8;type;GreatFind;persistent;true] Nakamura prepares his counterplay with the move f7-f5.} 16.Bb3 ( 16.a4 {is not convincing, since Black is coming fast on the kingside.} 16...f5 $1 ) 16...Qc7 ( 16...f5 {is not enough to equalize after} 17.exf5 Bxf5 18.Qd5 Qd7 19.Ne4 Bxe4 20.Qxe4 Nf6 21.Qc2 {The pair of bishops guarantees some advantage for White.} ) 17.Nf1 $6 ( 17.Ng5 $1 {[%c_effect g5;square;g5;type;GreatFind;persistent;true] is a better attempt to play for the advantage, since Black's counterplay is slowed down.} ) 17...f5 $1 18.Ng3 fxe4 $6 ( 18...Nf6 $1 {[%c_effect f6;square;f6;type;GreatFind;persistent;true] is the best, but it's a very difficult move for a blitz game. The point is:} 19.exf5 ( 19.Nxf5 $2 {[%c_effect f5;square;f5;type;Mistake;persistent;true] This loses a piece after} 19...Bxf5 20.exf5 e4 ) 19...e4 $1 20.Nxe4 Bxf5 21.Bd5 Ne5 $1 {[%c_effect e5;square;e5;type;GreatFind;persistent;true] Black has very good counterplay due to the pin on the e4-knight.} ) 19.Qxe4 $6 ( 19.Nxe4 $1 {[%c_effect e4;square;e4;type;GreatFind;persistent;true] is the right way to get an advantage.} 19...Bf5 20.Qd5 $1 {[%c_effect d5;square;d5;type;GreatFind;persistent;true] White has the advantage since the queen on d5 cannot be attacked and his pawn structure is better.} ) 19...Nf6 20.Qd3 $6 ( 20.Qc2 d5 $1 {[%c_effect d5;square;d5;type;GreatFind;persistent;true] gives Black good play since White cannot capture the pawn.} 21.Bxd5 $2 Nxd5 22.Rxd5 Nxb4 ) ( 20.Qb1 $1 {[%c_effect b1;square;b1;type;GreatFind;persistent;true] is the best move, as 20...d5 is not good anymore. Needless to say, who is going to play such a move in a blitz game $2} ) 20...d5 $1 21.Qe2 {Although Black has a good position, nothing too serious is happening to White.} ( 21.Bxd5 $2 {[%c_effect d5;square;d5;type;Mistake;persistent;true] is bad due to the pin:} 21...Rd8 ) 21...e4 22.Nd4 Bg4 $1 23.f3 exf3 24.gxf3 Bh3 25.Nxc6 Qxc6 26.Bd4 Rbe8 {The position is more or less equal, but now So blunders.} 27.Re1 $2 {[%c_effect e1;square;e1;type;Mistake;persistent;true] This simply loses a pawn.} ( 27.Qd2 {is necessary.} ) 27...Bxb4 $1 28.Qd3 Bc5 29.Kh1 Bxd4 30.Qxd4 Qc7 31.Qh4 $2 {[%c_effect h4;square;h4;type;Mistake;persistent;true] Another blunder, this time in a difficult position.} 31...Rxe1+ 32.Rxe1 Qxc3 $1 {[%c_effect c3;square;c3;type;GreatFind;persistent;true] A second pawn falls, and both the rook and the f-pawn are attacked.} 0-1